 Dungeon Sprint DCSS version 0.30.1-9-gdf580d7c3d (webtiles) character file.

Game seed: 8174982669119902713

14 Heoruswealwe the Poker (level 2, -1/28 HPs)
             Began as a Minotaur Fighter on Sept 28, 2023.
             Slain by a hound (4 damage)
             ... in the Dungeon (Sprint IX: "|||||||||||||||||||||||||||||").
             The game lasted 00:00:48 (49 turns).

Heoruswealwe the Poker (Minotaur Fighter)             Turns: 49, Time: 00:00:48

Health: -1/28      AC:  7    Str: 20    XL:     2   Next: 27%
Magic:  1/1        EV:  9    Int:  5    God:
Gold:   0          SH:  4    Dex:  9    Spells: 1/1 levels left

rFire   . . .        a - +0 trident
rCold   . . .        d - +0 buckler
rNeg    . . .        c - +0 scale mail
rPois   .            (helmet restricted)
rElec   .            (no cloak)
rCorr   .            (no gloves)
SInv    .            (no boots)
Will    .....        (no amulet) Stlth
                     (no ring)
HPRegen 0.24/turn    (no ring)
MPRegen 0.07/turn

%: no teleportation
@: no status effects
A: horns 2, retaliatory headbutt
a: no special abilities


You were in the Dungeon.
You visited 1 branch

Inventory:

Hand Weapons
 a - a +0 trident (weapon)
Armour
 c - a +0 scale mail (worn)
 d - a +0 buckler (worn)
Scrolls
 j - a scroll of blinking
Potions
 b - a potion of might
 e - a potion of curing
 g - a potion of haste
 i - a potion of berserk rage


   Skills:
 + Level 4.6 Fighting
 * Level 4.7 Polearms
 + Level 4.6 Armour
 - Level 3.6 Shields


You had one spell level left.
You didn't know any spells.
Your spell library was empty.

Dungeon Overview and Level Annotations

Branches:
Dungeon (1/1)

Altars:


Innate Abilities, Weirdness & Mutations

You have a pair of horns on your head.
You reflexively headbutt those who attack you in melee.


Message History

The shadow imp picks up a beetle and eats it.
You completely miss the shadow imp. The shadow imp gestures at you.
Pain shoots through your body!
You hit the shadow imp. Your headbutt misses the shadow imp.
The shadow imp is heavily wounded.
You block the shadow imp's attack. The shadow imp hits you.
You barely miss the shadow imp. Your headbutt misses the shadow imp.
The shadow imp is heavily wounded.
The shadow imp hits you.
The orc priest mumbles some strange prayers to Beogh against you.
Beogh smites you!
Ouch! That really hurt!
* * * LOW HITPOINT WARNING * * *
You feel much better. The shadow imp completely misses you.
You closely miss the shadow imp.
The shadow imp is heavily wounded.
The shadow imp misses you. You furiously retaliate!
You headbutt the shadow imp.
The orc priest invokes the aid of Beogh against you.
Beogh smites you!
Ouch! That really hurt!
* * * LOW HITPOINT WARNING * * *
You hit the shadow imp.
You kill the shadow imp!
The hound bites you.
* * * LOW HITPOINT WARNING * * *
Your Polearms skill increases to level 4!
You have reached level 2!
You barely miss the hound. The hound bites you but does no damage.
The hound bites you.
* * * LOW HITPOINT WARNING * * *
You barely miss the hound. The hound barely misses you.
You hit the hound. You headbutt the hound.
The hound is moderately wounded.
You block the hound's attack. The hound bites you but does no damage.
You hit the hound.
The hound is heavily wounded.
The hound bites you.
You die...

▓.▓
▓!▓
▓.▓
▓'▓
▓†▓
▓.▓
▓.▓
▓.▓
▓@▓
▓h▓
▓S▓
▓o▓
▓o▓
▓.▓
▓.▓
▓+▓


You could see a water moccasin, a hound, an orc priest and an orc.

Vanquished Creatures
  A shadow imp (D)
  A dart slug (D)
  An endoplasm (D)
  A ball python (D)
  2 frilled lizards (D)
6 creatures vanquished.

Notes
Turn   | Place    | Note
-------+----------+-------------------------------------------
     0 | D        | Heoruswealwe the Minotaur Fighter began the quest for the
                  | Orb.
     0 | D        | Reached XP level 1. HP: 19/19 MP: 0/0
    39 | D        | Noticed a hound
    39 | D        | Noticed a water moccasin
    39 | D        | Noticed an orc priest
    42 | D        | HP: 1/20 [orc priest/divine providence (11)]
    46 | D        | Reached XP level 2. HP: 5/28 MP: 1/1
    49 | D        | Slain by a hound

Illustrated notes

Levels and vault maps discovered:
D:        linesprint [early_d, line_temple, items_1, d_10, items_2, lair_1,
          lair_end, items_3, orc_1, orc_end, items_4, d_15, swamp_1, shoals_1,
          snake_1, spider_1, d_20, vaults_1, items_5, swamp_end, shoals_end,
          snake_end, spider_end, vaults_end, d_27, items_6, zot_1, zot_end,
          crypt_end, forest_end, elf_end, slime_end, tomb_end, abyss_end,
          pan_hell_end]

Skill      XL: |  1 |
---------------+----+-----
Polearms       | 4 |  4.7
Fighting       | 4 |  4.6
Armour         | 4 |  4.6
Shields        | |  3.6

Action                     || total
---------------------------++-------
  Melee: Trident           ||    19
         Headbutt          ||     2
    Use: Potion            ||     1
 Armour: Scale mail        ||     3
  Dodge: Dodged            ||     5
  Block: Buckler           ||     2
